 Dungeon Crawl Stone Soup version 0.19-a0-1365-gb34f4cb (webtiles) character file.

93 mopl the Ruffian (level 4, -6/39 HPs)
             Began as a Troll Wizard on Sept 2, 2016.
             Was an Initiate of Cheibriados.
             Mangled by an orc priest
             ... wielding a +0 trident
              (12 damage)
             ... on level 4 of the Dungeon.
             The game lasted 00:06:48 (1280 turns).

mopl the Ruffian (Troll Wizard)                     Turns: 1280, Time: 00:06:48

Health: -6/39      AC:  5    Str: 16    XL:     4   Next: 36%
Magic:  15/15      EV: 10    Int: 15    God:    Cheibriados [......]
Gold:   88         SH:  0    Dex: 10    Spells: 3 memorised, 1 level left

rFire  . . .     SeeInvis .       - Unarmed
rCold  . . .     Gourm    +     a - +0 robe
rNeg   . . .     Faith    .     (no shield)
rPois  .         Spirit   .     g - +0 hat
rElec  .         Dismiss  .     (no cloak)
rCorr  .         Reflect  .     (gloves unavailable)
MR     .....     Harm     .     (boots unavailable)
Stlth  +.........               (no amulet)
                                (no ring)
                                e - ring of magical power

@: very slow
A: unfitting armour, claws 3, fast metabolism 3, gourmand, regeneration 1,
shaggy fur 1, tough skin 2
a: Bend Time, Renounce Religion


You were on level 4 of the Dungeon.
You worshipped Cheibriados.
Cheibriados was noncommittal.
You were not hungry.

You visited 2 branches of the dungeon, and saw 5 of its levels.

You collected 88 gold pieces.

Inventory:

Hand Weapons
 b - a +0 blowgun
 k - a +1 whip of distortion {!w}
Missiles
 i - 15 poisoned needles
Armour
 a - a +0 robe (worn)
 g - a +0 hat (worn)
Jewellery
 e - a ring of magical power (left claw)
Scrolls
 f - a scroll of immolation {unknown}
 h - a scroll of teleportation {unknown}
 m - a scroll of remove curse {unknown}
Potions
 n - a potion of flight
 o - a potion of agility
 p - a potion of curing {unknown}
 r - a potion of heal wounds {unknown}
Books
 c - a book of Minor Magic

   Spells                             Type                      Level
   a - Magic Dart                     Conjuration                  1
   b - Blink                          Translocation                2
   c - Call Imp                       Summoning                    2
   d - Repel Missiles                 Charms/Air                   2
   e - Slow                           Hexes                        2
   f - Conjure Flame                  Conjuration/Fire             3
   g - Mephitic Cloud                 Conjuration/Poison/Air       3
Comestibles
 d - 3 bread rations
 q - a beef jerky


   Skills:
 - Level 1.5 Dodging
 - Level 1.1 Stealth
 * Level 4.0 Unarmed Combat
 - Level 2.0 Spellcasting
 - Level 0.7 Conjurations
   Level 0.6 Summonings
 - Level 0.6 Translocations


You had one spell level left.
You knew the following spells:

 Your Spells              Type           Power        Failure   Level  Hunger
a - Magic Dart            Conj           #...         17%         1    #......
d - Mephitic Cloud        Conj/Pois/Air  #.......     69%         3    ###....
e - Blink                 Tloc           N/A          28%         2    ###....


Dungeon Overview and Level Annotations

Branches:
Dungeon (4/15)             Temple (1/1) D:4

Altars:
Ashenzari
Cheibriados
Dithmenos
Elyvilon
Fedhas
Gozag
Hepliaklqana
Kikubaaqudgha
Makhleb
Nemelex Xobeh
Okawaru
Qazlal
Ru
Sif Muna
Trog
Uskayaw
Vehumet
Xom
Yredelemnul
Zin
The Shining One


Innate Abilities, Weirdness & Mutations

You are too large for most types of armour.
You have claws for hands.
Your metabolism is lightning-fast.
You like to eat raw meat.
Your natural rate of healing is unusually fast.
You are covered in fur. (AC +1)
You have very tough skin. (AC +2)


Message History

The orc priest hits you from afar with a trident.
You barely miss the orc.
The orc is lightly wounded.
The orc hits you with a club.
You barely miss the orc.
The orc is lightly wounded.
The orc priest calls upon Beogh to heal the orc.
The orc's wounds heal themselves!
The orc hits you with a club.
You scratch the orc.
The orc is lightly wounded.
The orc priest hits you from afar with a trident!
* * * LOW HITPOINT WARNING * * *
The orc hits you but does no damage.
You claw the orc!
You kill the orc!
Cheibriados thoroughly appreciates the change of pace.
The orc priest hits you from afar with a trident.
* * * LOW HITPOINT WARNING * * *
The orc priest hits you with a trident!
You die...

#........##
..#......
...o>..# #
o.....# ..
#.....#
..##.#.o...#
.......o..#
..###.###o#
....?...@.#
#..#.####.#
#.# #.# #.#
#.# #.# #.#
..#


You could see an orc priest and an orc.

Vanquished Creatures
  An orc wizard (D:4)
  An adder (D:2)
  An ooze (D:3)
  A worm (D:3)
  2 dart slugs
  A giant gecko (D:3)
  An orc (D:4)
  3 giant cockroaches (D:1)
  7 goblins
  3 hobgoblins
  2 jackals (D:3)
  6 kobolds
  7 bats
  2 giant newts
  5 rats
43 creatures vanquished.

Notes
Turn   | Place    | Note
-------+----------+-------------------------------------------
     0 | D:1      | mopl the Troll Wizard began the quest for the Orb.
     0 | D:1      | Reached XP level 1. HP: 16/16 MP: 2/2
    47 | D:1      | Reached skill level 1 in Unarmed Combat
   103 | D:1      | Reached XP level 2. HP: 21/24 MP: 4/4
   107 | D:1      | Learned a level 2 spell: Blink
   208 | D:1      | Reached skill level 2 in Unarmed Combat
   391 | D:3      | Found a faded altar of an unknown god.
   431 | D:3      | Became a worshipper of Sif Muna the Loreminder
   431 | D:3      | Reached * piety under Sif Muna
   496 | D:3      | Reached XP level 3. HP: 13/31 MP: 5/5
   501 | D:3      | Learned a level 3 spell: Mephitic Cloud
   569 | D:3      | Reached skill level 3 in Unarmed Combat
   640 | D:4      | Found a staircase to the Ecumenical Temple.
   646 | Temple   | Entered the Ecumenical Temple
   864 | Temple   | Fell from the grace of Sif Muna
   864 | Temple   | Became a worshipper of Cheibriados the Contemplative
  1260 | D:4      | Reached skill level 4 in Unarmed Combat
  1260 | D:4      | Reached XP level 4. HP: 30/39 MP: 6/6
  1280 | D:4      | Mangled by an orc priest

Vault maps used:
D:1:      onia_arrival_larder
D:3:      ecumenical_altar_2, first_bread
D:4:      minmay_opposing_rooms, kennysheep_cluttered_room
Temple:   roderic_octagonal_lattice_temple

Skill      XL: |  1  2  3 |
---------------+----------+-----
Unarmed Combat | 1 2 4 |  4.0
Dodging        | |  1.5
Stealth        | |  1.1
Spellcasting   | |  2.0
Conjurations   | |  0.7
Summonings     | |  0.6
Translocations | |  0.6

Action                   |  1- 3 |  4- 6 || total
-------------------------+-------+-------++-------
Melee: Unarmed           |   147 |    19 ||   166
  Use: Scroll            |     2 |       ||     2
 Stab: Sleeping          |     3 |       ||     3
  Eat: Chunk             |    13 |       ||    13
Armor: Robe              |    79 |     7 ||    86
Dodge: Dodged            |    95 |    10 ||   105
